AoeStats
← YouPotato

Glade

510435349Analyzed
1v1 RM · 1d ago on Oct 1, 2026· 51m 7s· 2 players
Game mode
Random Map
Map size
Tiny (2 player)
Population
200
Speed
Normal
Resources
Standard
Victory
Conquest
Starting age
Dark Age
Ending age
Imperial Age
RankedLock teamsTeams togetherTeam positionsShared explorationLock speedFull tech treeHidden civsTurbo modeCheats
Victory
Defeat
🇲🇽 Khmer · Mexico
1086
+48
🇺🇸 Sicilians · United States
1098
-17
sinuhemgs
10:03 Feudal Age
15:04 Castle Age
14:46 Double-Bit Axe
14:58 Gold Mining
18:07 Loom
35:04 Wheelbarrow
40:05 Gold Shaft Mining
39:44 Bow Saw
39:16 Horse Collar
39:50 Pikeman
40:45 Town Watch
42:47 Scale Mail Armor
46:58 Imperial Age
45:07 Forging
46:01 Scale Barding Armor
48:32 Chain Mail Armor
50:23 Chemistry
49:57 Capped Ram
50:01 Heavy Scorpion
51:18 Hand Cart
51:47 Conscription
YouPotato
0:35 Loom
12:45 Feudal Age
13:08 Horse Collar
13:14 Double-Bit Axe
17:11 Wheelbarrow
20:44 Castle Age
20:09 Scale Mail Armor
20:47 Forging
20:29 Fletching
21:49 Heavy Plow
22:11 Bow Saw
23:31 Chain Mail Armor
24:09 Pikeman
26:10 Squires
25:56 Arson
28:58 Iron Casting
29:46 Bloodlines
29:13 Light Cavalry
30:17 Husbandry
31:06 Scale Barding Armor
43:06 Imperial Age
Connection lost

Rejoining the realm…

Still unreachable

The connection could not be restored.

Session expired

The server has moved on; the page needs a fresh start.